 Dungeon Crawl Stone Soup version 0.28.0-53-g5a82cb258f (webtiles) character file.

Game seed: 18390595010512646692

297 mcbry74 the Insei (level 6, -8/43 HPs)
             Began as a Merfolk Transmuter on July 6, 2022.
             Was an Initiate of Yredelemnul.
             Killed by divine providence
             ... invoked by an orc priest
              (15 damage)
             ... on level 4 of the Dungeon.
             The game lasted 00:13:25 (3665 turns).

mcbry74 the Insei (Merfolk Transmuter)              Turns: 3665, Time: 00:13:26

Health: -8/43      AC:  2    Str: 10    XL:     6   Next: 35%
Magic:  9/9        EV: 12    Int: 14    God:    Yredelemnul [......]
Gold:   182        SH:  0    Dex: 15    Spells: 8/9 levels left

rFire   . . .      SeeInvis .     - Unarmed
rCold   . . .      Faith    .   (no shield)
rNeg    . . .      Spirit   .   a - +0 robe
rPois   .          Reflect  .   (helmet currently unavailable)
rElec   .          Harm     .   (no cloak)
rCorr   .          Rampage  .   (no gloves)
Will    .....                   (boots currently unavailable)
Stlth   +.........              d - amulet of magic regeneration
HPRegen 0.14/turn               (no ring)
MPRegen 0.51/turn               (no ring)

@: lethally poisoned (-8 -> -13), appendages
A: horns 2, (nimble swimmer 2), mertail
a: End Transformation, Renounce Religion, Recall Undead Harvest


You were on level 4 of the Dungeon.
You worshipped Yredelemnul.
Yredelemnul was noncommittal.
You had temporarily grown beastly horns.
You visited 1 branch of the dungeon, and saw 4 of its levels.
You also visited: Sewer.

You collected 182 gold pieces.

Inventory:

Hand Weapons
 u - a +1 vorpal spear
Missiles
 l - 5 curare-tipped darts
 n - 4 poisoned darts
 t - 4 boomerangs
Armour
 a - a +0 robe (worn)
 h - a +2 hat (melded)
Jewellery
 d - an amulet of magic regeneration (around neck)
Scrolls
 b - a scroll of amnesia {unknown}
 c - a scroll of teleportation {unknown}
 e - a scroll of immolation {unknown}
 f - 3 scrolls of identify {unknown}
 g - 2 scrolls of blinking {unknown}
 j - 2 scrolls of fear {unknown}
 k - a scroll of fog {unknown}
 o - a scroll of silence {unknown}
 p - a scroll of magic mapping {unknown}
Potions
 i - a potion of heal wounds {unknown}
 m - a potion of mutation {unknown}
 q - a potion of haste {unknown}
 r - a potion of cancellation {unknown}
 s - a potion of attraction {unknown}


   Skills:
 - Level 1.1 Fighting
 - Level 2.6 Dodging
 + Level 7.6 Unarmed Combat
 - Level 2.0 Spellcasting
 - Level 2.6 Transmutations


You had 8 spell levels left.
You knew the following spells:

 Your Spells              Type           Power      Damage    Failure   Level
a - Beastly Appendage     Tmut           16%        N/A       8%          1

Your spell library contained the following spells:

 Spells                   Type           Power      Damage    Failure   Level
 Wereblood                Tmut           8%         N/A       12%         2
 Magic Dart               Conj           4%         1d3       24%         1
 Call Imp                 Summ           1%         N/A       34%         2
 Corpse Rot               Necr/Air       2%         N/A       34%         2
 Poisonous Vapours        Pois/Air       2%         N/A       34%         2
 Spider Form              Tmut/Pois      5%         N/A       38%         3
 Mephitic Cloud           Conj/Pois/Air  1%         N/A       56%         3
 Ice Form                 Ice/Tmut       5%         N/A       80%         4


Dungeon Overview and Level Annotations

Branches:
Dungeon (4/15)              Sewer (visited)
 Temple: D:4-7

Altars:
Yredelemnul


Innate Abilities, Weirdness & Mutations

You have temporarily grown beastly horns.
((You are very nimble when in or above water. (Stealth+, EV+, Speed+++)))
Your lower body shifts to a powerful aquatic tail in water.


Message History

You hear some strange, mumbled words.
A puff of flame appears from out of thin air!
The puff of flame hits you.
You hear some strange, mumbled words.
You are confused.
An orc priest comes into view. It is wielding a +0 whip.
You feel less confused. Something hits you but does no damage.
You hear some strange, mumbled words.
A puff of flame appears from out of thin air!
The puff of flame hits you.
* * * LOW HITPOINT WARNING * * *
Casting: Beastly Appendage (safe; 8% risk of failure)
Press: ? - help, Q - select action, (/) - cycle Dir - look around, f - activate You grow a pair of large bovine horns.
Your +2 hat melds into your body.
The orc priest begins to cast a cantrip, but forgets the words!
You hit something. You headbutt something.
Reactivating autopickup.
You feel a bit more experienced.
You hit the orc.
The orc is almost dead.
The orc priest miscasts a cantrip.
You barely miss the orc. Your headbutt misses the orc.
The orc is almost dead.
The orc closely misses you.
You hit the orc.
You kill the orc!
The orc hits you but does no damage.
You are poisoned.
* * * LOW HITPOINT WARNING * * *
You feel very sick.
* * * LOW HITPOINT WARNING * * *
You feel sick.
The orc priest begins to cast a cantrip, but forgets the words!
* * * LOW HITPOINT WARNING * * *
You feel sick.
The orc priest mumbles some strange prayers to Beogh against you.
Beogh smites you!
You die...
Your body rises from the dead as a mindless zombie.

.#......##.## #♣.♣#
......#####.# #...#
#....## #.###8o♣#
....## #..##...#
.#...### ##..##♣o8#
.####..###...<#)..#
# ###....####♣o♣#
## ##.### #...# .#
#..# #♣@♣# .#
###.###.#...# .##
###.......#8.♣#
..###......#..#...
.............##♣.♣
...###........#...
##.# #.....##.#♣.♣
#.. ##..### ##...
#... #.##


You could see 2 orc priests and an orc.

Vanquished Creatures
  Pargi (Sewer)
  A hound (D:3)
  A jelly (D:4)
  An orc wizard (D:4)
  A gnoll (D:1)
  2 adders
  2 river rats (D:3)
  3 orcs
  4 bats (D:3)
  2 endoplasms
  3 giant cockroaches
  7 goblins
  4 hobgoblins
  7 jackals
  2 quokkas
  3 ball pythons (D:3)
  2 frilled lizards
  4 kobolds
  9 rats
59 creatures vanquished.

Vanquished Creatures (collateral kills)
  An endoplasm (D:3)
  A hobgoblin (D:2)
  A jackal (D:3)
  3 quokkas
  2 bats (D:1)
  3 frilled lizards
  2 rats (D:1)
13 creatures vanquished.

Vanquished Creatures (others)
  2 adder zombies (D:1)
  A bat zombie (D:3)
  A frilled lizard zombie (D:2)
  A goblin zombie (D:1)
  2 hobgoblin zombies
  A jackal zombie (Sewer)
  A kobold zombie (D:3)
  2 quokka zombies
  A rat zombie (D:1)
12 creatures vanquished.

Grand Total: 84 creatures vanquished

Notes
Turn   | Place    | Note
-------+----------+-------------------------------------------
     0 | D:1      | mcbry74 the Merfolk Transmuter began the quest for the Orb.
     0 | D:1      | Reached XP level 1. HP: 15/15 MP: 3/3
    21 | D:1      | Noticed an electric eel
   151 | D:1      | Reached XP level 2. HP: 21/21 MP: 5/5
   260 | D:1      | Found a faded altar of an unknown god.
   293 | D:1      | Prayed at the altar of an unknown god.
   293 | D:1      | Became a worshipper of Yredelemnul the Dark
   293 | D:1      | Reached * piety under Yredelemnul
   346 | D:1      | Reached skill level 4 in Unarmed Combat
   481 | D:1      | Reached XP level 3. HP: 16/26 MP: 4/6
  1024 | D:2      | Reached skill level 5 in Unarmed Combat
  1900 | D:3      | Reached XP level 4. HP: 32/32 MP: 7/7
  1938 | D:3      | Found a glowing drain.
  1957 | Sewer    | Entered a sewer
  2241 | Sewer    | Noticed Pargi
  2255 | Sewer    | Killed Pargi
  2256 | Sewer    | Reached skill level 6 in Unarmed Combat
  2256 | Sewer    | Reached XP level 5. HP: 11/37 MP: 8/8
  2826 | D:3      | Reached skill level 7 in Unarmed Combat
  2826 | D:3      | Reached XP level 6. HP: 24/43 MP: 9/9
  3665 | D:4      | Killed from afar by an orc priest

Illustrated notes

Levels and vault maps discovered:
D:1:      arrival_aquarium_a, layout_basic,
          shapermc_ecumenical_altar_mp_highgroup,
          chequers_serial_rivers_micro_e, skrybe_limestone_x
D:2:      layout_loops_cross
D:3:      minmay_inner_zag, layout_loops_cross, portal_sewer_entry_b
D:4:      layout_layer_cave, chequers_avenue, uniq_eustachio

Skill      XL: |  1  2  3  4  5 |
---------------+----------------+-----
Unarmed Combat | 4 5 6 7 |  7.6
Fighting       | |  1.1
Dodging        | |  2.6
Spellcasting   | |  2.0
Transmutations | |  2.6

Action                   |  1- 3 |  4- 6 || total
-------------------------+-------+-------++-------
Melee: Unarmed           |    91 |   102 ||   193
       Headbutt          |     9 |    18 ||    27
       Tailslap          |     1 |       ||     1
       Punch             |       |     1 ||     1
 Cast: Beastly Appendage |    12 |    14 ||    26
Invok: Recall Undead Har |     3 |       ||     3
  Use: Potion            |       |     1 ||     1
 Stab: Sleeping          |       |     1 ||     1
Armor: Robe              |    19 |    21 ||    40
Dodge: Dodged            |    80 |    50 ||   130
